2407 views
Uploaded 2021-09-10 18:00:46
Game version 1.32.10
26:43 long 1on1 ladder game on (2)EchoIsles
Saved by xzz
2407 views
Uploaded 2021-09-10 18:00:46
Game version 1.32.10
26:43 long 1on1 ladder game on (2)EchoIsles

22 units @ 3.9k
/ 0.6k
14 buildings @ 2.3k
/ 0.8k



| Rod of Necromancy | 1 | 150 |
| Potion of Healing | 1 | 150 |
| Potion of Mana | 1 | 200 |
| Dust of Appearance | 2 | 150 |
| Potion of Lesser Invulnerability | 1 | 150 |
| Claws of Attack +6 | 1 | 125 |
| total: | 7 | 925g |
| Acolyte | 3 | 225 | / | 0 |
| Ghoul | 3 | 360 | / | 0 |
| Crypt Fiend | 10 | 2150 | / | 400 |
| Obsidian Statue | 5 | 1000 | / | 175 |
| Forest Troll Shadow Priest | 1 | 195 | / | 10 |
| total: | 22 | 3930g | / | 585w |
| Nerubian Tower | 1 | 100 | / | 20 |
| Altar of Darkness | 1 | 180 | / | 50 |
| Ziggurat | 7 | 1050 | / | 350 |
| Crypt | 1 | 200 | / | 50 |
| Tomb of Relics | 1 | 130 | / | 30 |
| Graveyard | 1 | 215 | / | 0 |
| Necropolis | 1 | 225 | / | 0 |
| Slaughterhouse | 2 | 280 | / | 270 |
| Halls of the Dead | 1 | 320 | / | 210 |
| Black Citadel | 1 | 325 | / | 230 |
| total: | 14 | 2280g | / | 750w |
| 0:02 | Acolyte |
| 0:06 | Altar of Darkness |
| 0:08 | Ziggurat |
| 0:24 | Crypt |
| 0:33 | Acolyte |
| 0:55 | Tomb of Relics |
| 1:14 | Ziggurat |
| 1:32 | Graveyard |
| 1:43 | Ghoul |
| 1:55 | Ghoul |
| 2:07 | Death Coil |
| 2:10 | Rod of Necromancy |
| 2:22 | Ghoul |
| 3:04 | Nerubian Tower |
| 3:05 | Crypt Fiend |
| 3:47 | Dust of Appearance |
| 4:05 | Crypt Fiend |
| 4:18 | Halls of the Dead |
| 4:32 | Crypt Fiend |
| 4:45 | Crypt Fiend |
| 4:56 | Ziggurat |
| 5:00 | Unholy Aura |
| 5:14 | Crypt Fiend |
| 5:29 | Creature Attack |
| 5:32 | Ziggurat |
| 6:08 | Crypt Fiend |
| 7:01 | Slaughterhouse |
| 7:03 | Slaughterhouse |
| 7:16 | Death Coil |
| 7:18 | Crypt Fiend |
| 7:21 | Burrow |
| 7:42 | Crypt Fiend |
| 7:45 | Dust of Appearance |
| 7:45 | Potion of Healing |
| 7:46 | Potion of Mana |
| 8:13 | Forest Troll Shadow Priest |
| 8:17 | Frost Nova |
| 8:21 | Acolyte |
| 8:28 | Obsidian Statue |
| 8:57 | Web |
| 9:19 | Obsidian Statue |
| 9:40 | Black Citadel |
| 9:55 | Frost Armor |
| 9:59 | Claws of Attack +6 |
| 10:18 | Crypt Fiend |
| 10:23 | Ziggurat |
| 10:27 | Ziggurat |
| 10:53 | Potion of Lesser Invulnerability |
| 11:02 | Improved Creature Attack |
| 11:31 | Unholy Aura |
| 11:39 | Obsidian Statue |
| 11:42 | Ziggurat |
| 11:54 | Crypt Fiend |
| 12:21 | Obsidian Statue |
| 12:23 | Destroyer Form |
| 12:28 | Frost Nova |
| 12:55 | Advanced Creature Attack |
| 13:35 | Rain of Fire |
| 13:58 | Obsidian Statue |
| 14:22 | Creature Carapace |
| 15:55 | Necropolis |
| 18:07 | Frost Armor |
| 18:36 | Cleaving Attack |
| 18:57 | Death Coil |
| Right click | 811 |
| Select group | 475 |
| Select | 276 |
| Build/train/purchase | 62 |
| Assign group | 47 |
| Use ability | 35 |
| Chat | 14 |
| Item give/drop | 5 |
| Remove unit | 3 |
| Esc | 2 |
34 units @ 4.5k
/ 0.8k
38 buildings @ 5k
/ 3.1k

| Lesser Clarity Potion | 7 | 490 |
| Scroll of Speed | 7 | 350 |
| Healing Salve | 6 | 600 |
| Orb of Lightning | 1 | 375 |
| Scroll of Healing | 1 | 250 |
| Staff of Teleportation | 1 | 150 |
| Potion of Invisibility | 1 | 100 |
| total: | 24 | 2315g |
| Peon | 13 | 975 | / | 0 |
| Troll Batrider | 15 | 2400 | / | 600 |
| Raider | 6 | 1080 | / | 240 |
| total: | 34 | 4455g | / | 840w |
| Watch Tower | 25 | 2750 | / | 2000 |
| Altar of Storms | 1 | 180 | / | 50 |
| Orc Burrow | 4 | 640 | / | 160 |
| Voodoo Lounge | 1 | 130 | / | 30 |
| War Mill | 1 | 205 | / | 0 |
| Great Hall | 1 | 385 | / | 185 |
| Beastiary | 5 | 725 | / | 700 |
| Stronghold | 1 | 315 | / | 190 |
| Fortress | 1 | 325 | / | 190 |
| total: | 38 | 5015g | / | 3125w |
| 0:06 | Peon |
| 0:06 | Peon |
| 0:09 | Altar of Storms |
| 0:11 | Orc Burrow |
| 0:37 | Peon |
| 0:39 | Peon |
| 0:57 | Voodoo Lounge |
| 1:10 | Peon |
| 1:28 | Peon |
| 1:45 | Peon |
| 2:06 | Stronghold |
| 2:12 | Lesser Clarity Potion |
| 2:12 | Scroll of Speed |
| 2:14 | Wind Walk |
| 2:36 | War Mill |
| 3:58 | Watch Tower |
| 4:00 | Watch Tower |
| 4:30 | Beastiary |
| 4:36 | Beastiary |
| 4:38 | Lesser Clarity Potion |
| 4:38 | Healing Salve |
| 4:41 | Lesser Clarity Potion |
| 4:41 | Scroll of Speed |
| 4:44 | Peon |
| 4:52 | Orc Burrow |
| 5:00 | Peon |
| 5:20 | Watch Tower |
| 5:40 | Troll Batrider |
| 5:57 | Troll Batrider |
| 6:33 | Troll Batrider |
| 6:39 | Reinforced Defenses |
| 6:57 | Watch Tower |
| 7:18 | Staff of Teleportation |
| 7:25 | Potion of Invisibility |
| 7:56 | Orc Burrow |
| 8:26 | Troll Batrider |
| 8:58 | Troll Batrider |
| 9:09 | Watch Tower |
| 9:19 | Lesser Clarity Potion |
| 9:26 | Scroll of Speed |
| 9:42 | Troll Batrider |
| 10:16 | Fortress |
| 10:31 | Watch Tower |
| 10:38 | Watch Tower |
| 10:43 | Troll Batrider |
| 10:53 | Healing Salve |
| 11:10 | Troll Batrider |
| 11:17 | Lesser Clarity Potion |
| 11:27 | Scroll of Speed |
| 11:32 | Lesser Clarity Potion |
| 11:49 | Watch Tower |
| 12:07 | Troll Batrider |
| 12:17 | Orc Burrow |
| 12:39 | Liquid Fire |
| 12:42 | Troll Batrider |
| 13:06 | Steel Ranged Weapons |
| 13:36 | Watch Tower |
| 13:43 | Troll Batrider |
| 13:59 | Scroll of Healing |
| 14:12 | Thorium Ranged Weapons |
| 15:51 | Troll Batrider |
| 15:58 | Critical Strike |
| 17:26 | Troll Batrider |
| 17:53 | Beastiary |
| 17:55 | Beastiary |
| 17:58 | Beastiary |
| 18:14 | Troll Batrider |
| 18:20 | Watch Tower |
| 18:35 | Steel Armor |
| 18:56 | Raider |
| 18:57 | Pillage |
| 19:01 | Raider |
| 19:36 | Raider |
| 19:45 | Scroll of Speed |
| 19:51 | Raider |
| 20:42 | Raider |
| 21:17 | Raider |
| 21:26 | Healing Salve |
| 21:27 | Healing Salve |
| 21:48 | Lesser Clarity Potion |
| 21:49 | Scroll of Speed |
| 22:04 | Troll Batrider |
| 22:30 | Great Hall |
| 23:09 | Watch Tower |
| 23:10 | Watch Tower |
| 23:11 | Watch Tower |
| 23:11 | Watch Tower |
| 23:12 | Watch Tower |
| 23:12 | Watch Tower |
| 23:13 | Watch Tower |
| 23:13 | Watch Tower |
| 23:14 | Watch Tower |
| 23:14 | Watch Tower |
| 23:25 | Watch Tower |
| 23:48 | Watch Tower |
| 23:57 | Peon |
| 23:57 | Peon |
| 24:12 | Healing Salve |
| 24:13 | Healing Salve |
| 24:37 | Watch Tower |
| 25:12 | Watch Tower |
| 25:20 | Scroll of Speed |
| 25:21 | Orb of Lightning |
| 25:49 | Peon |
| 26:20 | Peon |
| 26:23 | Watch Tower |
| Right click | 1084 |
| Select | 463 |
| Build/train/purchase | 108 |
| Select group | 99 |
| Chat | 50 |
| Assign group | 31 |
| Use ability | 21 |
| Misc. action | 8 |
| Esc | 1 |